 Dungeon Crawl Stone Soup version 0.25-a0-353-ged6d54792d (webtiles) character file.

Game seed: 4825619963331535974, levelgen mode: classic

869 Borgoz the Chopper (level 7, 0/62 HPs)
             Began as a Minotaur Gladiator on Jan 3, 2020.
             Was an Initiate of the Shining One.
             Succumbed to a scorpion's poison
             ... on level 4 of the Dungeon.
             The game lasted 00:04:27 (3399 turns).

Borgoz the Chopper (Minotaur Gladiator)             Turns: 3399, Time: 00:04:28

Health: 0/62       AC: 10    Str: 19    XL:     7   Next: 73%
Magic:  6/6        EV: 28    Int:  5    God:    the Shining One [......]
Gold:   276        SH:  0    Dex: 16    Spells: 6/6 levels left

rFire    + . .     SeeInvis .   a - +0 war axe
rCold    + + .     Gourm    .   (no shield)
rNeg     . . .     Faith    .   s - +0 scale mail
rPois    +         Spirit   .   c - +0 hat
rElec    +         Reflect  .   l - +2 cloak
rCorr    +         Harm     .   (no gloves)
MR       .....                  (no boots)
Stlth    ..........             q - amulet of the acrobat
HPRegen  0.20/turn              i - ring of protection from cold
MPRegen  0.10/turn              j - +3 ring of dexterity

@: lethally poisoned (0 -> -6), resistant, acrobat, glowing
A: retaliatory headbutt, horns 2
a: Renounce Religion


You were on level 4 of the Dungeon.
You worshipped the Shining One.
The Shining One was noncommittal.
You were not hungry.

You visited 2 branches of the dungeon, and saw 5 of its levels.

You collected 276 gold pieces.

Inventory:

Hand Weapons
 a - a +0 war axe (weapon)
 o - a +5 mace
 t - a cursed +2 dire flail
Missiles
 d - 3 throwing nets (quivered)
Armour
 c - a +0 hat (worn)
 l - a +2 cloak (worn)
 s - a +0 scale mail (worn)
Jewellery
 i - a ring of protection from cold (left hand)
 j - a +3 ring of dexterity (right hand)
 q - an amulet of the acrobat (around neck)
Wands
 g - a wand of digging (8)
Scrolls
 b - a scroll of enchant weapon {unknown}
 k - 2 scrolls of amnesia {unknown}
 m - 2 scrolls of remove curse {unknown}
 n - 2 scrolls of fog {unknown}
 u - 3 scrolls of teleportation
 v - a scroll of identify
 w - a scroll of blinking {unknown}
Potions
 p - a potion of brilliance
 r - a potion of cancellation
Comestibles
 f - 6 rations


   Skills:
 + Level 5.8 Fighting
 + Level 6.3 Axes
 - Level 2.0 Throwing
 + Level 5.0 Armour
 + Level 5.8 Dodging


You had 6 spell levels left.
You didn't know any spells.
Your spell library was empty.

Dungeon Overview and Level Annotations

Branches:
Dungeon (4/15)             Temple (1/1) D:4

Altars:
Ashenzari
Cheibriados
Dithmenos
Fedhas
Gozag
Hepliaklqana
Kikubaaqudgha
Makhleb
Nemelex Xobeh
Okawaru
Qazlal
Ru
Sif Muna
Trog
Uskayaw
Vehumet
Xom
Yredelemnul
Zin
The Shining One


Innate Abilities, Weirdness & Mutations

You reflexively headbutt those who attack you in melee.
You have a pair of horns on your head.


Message History

The scorpion is almost dead.
* * * LOW HITPOINT WARNING * * *
You feel sick. The scorpion misses you. You furiously retaliate!
You headbutt the scorpion.
You kill the scorpion!
Your Armour skill increases to level 5!
* * * LOW HITPOINT WARNING * * *
You feel sick.
A bat comes into view.
* * * LOW HITPOINT WARNING * * *
You feel sick.
The bat is caught in a web!
Found a mace.
An adder comes into view.
* * * LOW HITPOINT WARNING * * *
You feel sick.
The adder hisses angrily.
The bat struggles to get unstuck from the web. x2
The bat pulls away from the web.
An adder comes into view.
You die... #.# #####.##### #.# ^.. #...... ### [..# #..#### .^S.. #####..# #. ### ^PP.P## #..##..# #. ####.### .P^P.PS

##.##..# #.
.......# #.)^bP.
##.##..# #.
)#.#####
#.^.#######>#.#..#
#. .#.# ###
#.@##....###...###.
.#.# #.#
##..#####.#.##.#...
.#.# ####.#
##^..[###.###.#.#.
.#.# #....###
####..##.# #.#.#.
...###.#....#
#.###†##.# ###...
....#.....#.# #.#
#.##.###.....
.##.#.#.#...#####.#
#..).##..##..
###...#.###.......#
######....##.
#..##...###...###
#..._.#.


You could see 2 adders and a bat.

Vanquished Creatures
  2 ogres (D:4)
  5 scorpions (D:4)
  5 wights (D:4)
  An orc priest (D:4)
  An orc wizard (D:4)
  A hound skeleton (D:4)
  7 adders
  An ooze (D:4)
  An adder skeleton (D:4)
  2 worms
  2 dart slugs
  2 leopard geckos
  13 orcs
  5 giant cockroaches
  5 goblins
  10 hobgoblins
  A jackal (D:3)
  13 kobolds
  3 quokkas
  7 bats
  3 frilled lizards
  2 rats (D:3)
92 creatures vanquished.

Notes
Turn   | Place    | Note
-------+----------+-------------------------------------------
     0 | D:1      | Borgoz the Minotaur Gladiator began the quest for the Orb.
     0 | D:1      | Reached XP level 1. HP: 18/18 MP: 0/0
   192 | D:1      | Reached XP level 2. HP: 25/25 MP: 1/1
   236 | D:1      | Reached skill level 1 in Armour
   755 | D:2      | Reached skill level 4 in Axes
   792 | D:2      | Reached XP level 3. HP: 31/31 MP: 2/2
  1396 | D:3      | Reached XP level 4. HP: 37/38 MP: 3/3
  2180 | D:4      | Reached XP level 5. HP: 43/46 MP: 4/4
  2186 | D:4      | Reached skill level 5 in Axes
  2195 | D:4      | Reached XP level 6. HP: 41/53 MP: 5/5
  2463 | D:4      | Found a staircase to the Ecumenical Temple.
  2472 | D:4      | Reached skill level 5 in Fighting
  2472 | D:4      | Reached skill level 5 in Dodging
  2628 | Temple   | Entered the Ecumenical Temple
  2641 | Temple   | Became a worshipper of the Shining One
  2901 | D:4      | Reached XP level 7. HP: 61/61 MP: 6/6
  3122 | D:4      | Reached skill level 6 in Axes
  3269 | D:4      | Found a shadowy altar of Dithmenos.
  3395 | D:4      | HP: 3/62 [poisoned by a scorpion]
  3395 | D:4      | Reached skill level 5 in Armour
  3398 | D:4      | HP: 1/62 [poisoned by a scorpion]
  3399 | D:4      | Succumbed to a scorpion's poison

Levels and vault maps discovered:
D:1:      psy_arrival_dodecagon, layout_loops_corners
D:2:      layout_loops_ring, first_ration
D:3:      layout_basic, minmay_fractal_squares_diagonal_5
D:4:      old_forge, layout_loops_ring, minmay_temple_entry_slanted,
          nicolae_dithmenos_through_a_glass_darkly
Temple:   regret_index_temple_chain_breaker

Skill      XL: |  1  2  3  4  5  6  7 |
---------------+----------------------+-----
Armour         | 1 2 3 4 5 |  5.0
Axes           | 4 5 6 |  6.3
Fighting       | 3 4 5 |  5.8
Dodging        | 4 5 |  5.8
Throwing       | |  2.0

Action                   |  1- 3 |  4- 6 |  7- 9 || total
-------------------------+-------+-------+-------++-------
Melee: War axe           |    57 |    92 |    33 ||   182
       Headbutt          |    11 |    23 |    13 ||    47
  Use: Scroll            |       |     4 |       ||     4
       Potion            |       |       |     1 ||     1
  Eat: Chunk             |     1 |     5 |     2 ||     8
Armor: Leather armour    |     2 |       |       ||     2
       Ring mail         |    19 |    17 |       ||    36
       Scale mail        |       |    12 |     7 ||    19
Dodge: Dodged            |    35 |    62 |    19 ||   116

Table legend:
 A = Non-vault XP
 B = Vault XP
 C = Vault XP percentage of total XP
 D = Non-vault monster count
 E = Vault monster count
 F = Vault count percentage of total count
                 A         B        C        D         E       F
            +---------+---------+-------+---------+---------+-------
      Total |     919 |     323 |  26.0 |      79 |      13 |  14.1
            +---------+---------+-------+---------+---------+-------
        D:1 |      28 |       0 |   0.0 |      14 |       0 |   0.0
        D:2 |      53 |       0 |   0.0 |      17 |       0 |   0.0
        D:3 |      59 |      44 |  42.7 |      18 |       9 |  33.3
        D:4 |     779 |     279 |  26.4 |      30 |       4 |  11.8
            +---------+---------+-------+---------+---------+-------
